Map: Purity and Industry LE

Players

LavarsBalls - Winner!

  • Race: Protoss Protoss
  • League: Master
  • Spawn Location: 3:00

A.I. 1 (Very Easy)

  • Race: Zerg Zerg
  • Spawn Location: 12:00

VOD

https://youtu.be/cGma3yiTimo?t=751

Description

PvZ Build: sOs Crazy 4 Carrier Rush+ 15 Gladept Timing @ GSL. New 2 Base Semi-All in!

*Possible Spoilers* This is one of those builds that on paper, it shouldn't work, but the strategy actually makes sense! It is a 4 carrier rush into glaived adepts on 2 base. sOs pulled off this crazy build during game 2 of GSL SuperTournament 2020 against Rogue. And he was able to win this game after transitioning into blink stalkers.

Keep in mind, this build approaches all-in territory, as the Protoss third base does not start until 7:00 min. The execution wasn't the best, even losing carrriers to Corruptors, but sOs was able to kill 31 drones with the Adept shades. He was able to transition into blink stalkers and sentries and force a winning engagement against Ravagers at the Zerg's 4th Base. I believe this build is best suited for maps like Purity & Industry.

I took your suggestions to write an abridged version of the build: I will include timestamps and supply benchmarks. However, I won't include pylon timings, and every time you need to warp in an adept. So play efficiently, prioritize the carriers and then warp in adepts when you have open production cycles!

VOD: https://youtu.be/cGma3yiTimo?t=751

Here are two of my replays against easy A.I.:

https://drop.sc/replay/13607386

https://drop.sc/replay/13607614

They are somewhat sloppy, no real scouting or harass like sOs. I didn't attack with my first two carriers. They are really just an approximation of the build. I just tried to connect on most of the benchmarks, to give you an idea on how to interpret this build. ---

Build: Normal Gateway Expand, Gateway Scout

2:13 23 Stargate 1 before gateway unit.

24 Adept, then warp gate.

29 Adept

33 @ 100% Stargate: Phoenix (Do not chrono, only chrono nexus probes).

3:15 39 Assimilators 3 & 4. You need to take earlier gas before mineral saturation at the natural.

45 Stargate 2

45 Fleet Beacon

4:28 benchmark: 44 workers. Cut Probes at Full 2 base saturation

4:34 52 Carrier 1

58 Carrier 2

64 2x Gateway

70 Carrier 3

76 Carrier 4

5:40 Twilight, @ 100% Research Glaives

82 2x Gateway, 7:00 Nexus & Forge

Execution: 6:40 Attack 3rd Base with 2 carriers. At 7:30 Group all 4 carriers together and attack Zerg Main. Meanwhile, 15 Adepts will shade back and forth between drone lines.

Supply & Production Benchmark @ 7:30 right as the attack commences: 105/126 Supply Army: 4 Carriers, 15 Adepts, 1 sentry, 1 Phoenix, 46 probes Structures: 3 Nexi, 2 Stargates, 5 Warpgates, Forge

Discussion: Here it is ATP. Our version of the TvZ BC rush. If left unscouted, this is a build that will outright kill a Zerg opponent. Rogue was able to sniff it out and start a spire and go into corruptors. But in your own games, the 15 glaived adepts and 4 carriers can probably kill the average Zerg player in a frontal assault and drone harass with the shades bouncing back and forth. The multiprong assault allowed sOs to kill 31 drones and then fall back on his late third base, after having taken the lead. He then transitioned into +1 attack and Blink and shut down the ravager army in the late game. Anyhow, try it out and post replays here! GL and HF!

Time

  • Played on: March 20, 2020, 1:44 p.m.
  • Length: 8:40
Show
View Real Time Build Order
Export as new Build Order

LavarsBalls Protoss - Winner!

Build Orders: 1 Gate Expand, Phoenix Opening, Carrier Rush 

Get SALT Encoding   

  12  0:01  Probe  
  13  0:13  Probe  
  14  0:21  Pylon  
  14  0:25  Probe  
  15  0:39  Probe (Chrono Boost)  
  15  0:42  Gateway  
  17  0:51  Probe (Chrono Boost)  
  17  0:52  Assimilator  
  17  0:57  Probe (Chrono Boost)  
  18  1:05  Probe  
  19  1:18  Probe  
  20  1:28  Nexus  
  20  1:37  Cybernetics Core  
  20  1:39  Probe  
  21  1:46  Assimilator  
  21  1:51  Probe  
  22  1:56  Pylon  
  22  2:03  Probe (Chrono Boost)  
  24  2:15  Probe (Chrono Boost)  
  24  2:17  Adept (Chrono Boost)  
  24  2:19  Stargate  
  26  2:23  Probe (Chrono Boost)  
  26  2:29  Warp Gate  
  27  2:32  Probe (Chrono Boost)  
  28  2:40  Probe (Chrono Boost)  
  28  2:43  Adept  
  32  2:49  Probe (Chrono Boost)  
  32  2:50  Probe (Chrono Boost)  
  33  2:55  Probe x2 (Chrono Boost)  
  35  3:05  Phoenix  
  37  3:06  Probe  
  37  3:10  Probe  
  39  3:18  Probe  
  39  3:19  Assimilator  
  40  3:21  Assimilator  
  40  3:23  Probe  
  40  3:25  Pylon  
  41  3:30  Probe  
  42  3:38  Probe  
  43  3:41  Pylon  
  43  3:45  Probe  
  44  3:50  Probe, Pylon  
  44  3:53  Adept  
  47  3:58  Fleet Beacon  
  47  4:01  Stargate  
  47  4:02  Probe (Chrono Boost)  
  49  4:10  Probe (Chrono Boost), Pylon  
  49  4:14  Probe (Chrono Boost)  
  50  4:19  Gateway  
  50  4:24  Gateway  
  50  4:28  Probe x2  
  52  4:34  Pylon  
  52  4:43  Carrier (Chrono Boost)  
  58  4:53  Carrier (Chrono Boost)  
  64  5:04  Pylon  
  64  5:16  Adept x2  
  68  5:29  Pylon  
  74  5:44  Carrier (Chrono Boost)  
  74  5:45  Carrier (Chrono Boost)  
  74  5:47  Twilight Council  
  80  5:50  Gateway  
  80  5:53  Gateway  
  80  5:55  Adept  
  82  5:57  Sentry  
  82  6:00  Adept  
  86  6:07  Pylon  
  86  6:17  Resonating Glaives (Chrono Boost)  
  86  6:21  Pylon  
  86  6:26  Adept x3  
  86  6:29  Probe  
  86  6:30  Pylon  
  93  6:52  Adept x4  
  93  6:53  Adept  
  103  7:01  Nexus  
  103  7:11  Pylon  
  103  7:14  Pylon  
  103  7:16  Forge  
  103  7:21  Adept  
  103  7:22  Adept  
  107  7:26  Adept  
  109  7:30  Adept  
  109  7:33  Adept  
  113  8:05  Probe  
  113  8:10  Adept x5  
  124  8:15  Probe x2  
Show
View Real Time Build Order
Export as new Build Order

A.I. 1 (Very Easy) Zerg 

Build Orders: Pool First 

Get SALT Encoding   

  12  0:01  Drone  
  13  0:12  Overlord  
  13  0:16  Drone  
  14  0:36  Spawning Pool  
  14  0:38  Extractor  
  14  0:40  Drone  
  13  0:47  Drone  
  14  0:53  Overlord  
  14  1:23  Zergling x2  
  14  1:24  Queen  
  17  1:31  Roach Warren  
  16  1:36  Drone  
  16  1:39  Extractor  
  16  1:44  Drone  
  17  1:50  Zergling x2  
  18  2:03  Drone  
  19  2:10  Drone  
  20  2:16  Zergling x2  
  20  2:18  Drone  
  22  2:29  Overlord  
  22  2:33  Drone  
  23  2:40  Drone  
  23  2:43  Roach  
  26  2:47  Drone  
  27  7:10  Drone  
  27  7:11  Overlord, Lair, Roach  
  30  7:17  Drone  
  31  7:24  Drone  
  30  7:32  Drone  
  30  7:35  Hatchery  
  27  7:39  Drone  
  28  7:46  Drone  
  28  7:47  Roach  
  31  7:59  Extractor  
  31  8:01  Drone  
  19  8:08  Overseer  
  19  8:10  Drone  
  19  8:11  Overseer  
  13  8:17  Drone  
  5  8:22  Zergling x2  
  5  8:25  Drone  
Tags
 
Add a new tag
Caveats
  • Supply blocks, unpowered buildings, or Contaminate may cause inaccurate times.
  • Supply counts are checked every 10 seconds.